 Dungeon Sprint DCSS version 0.23.2-30-g0e89c35 (webtiles) character file.

Game seed: 634552509440724407

2204 Fang the Fighter (level 9, -19/65 HPs)
             Began as a Gargoyle Berserker on June 10, 2019.
             Was an Elder of Trog.
             Killed from afar by a Hell Sentinel (58 damage)
             ... with an iron shot
             ... summoned by Zymoarph
             ... in the Dungeon (Sprint V: "Ziggurat Sprint").
             The game lasted 00:01:11 (227 turns).

Fang the Fighter (Gargoyle Berserker)                Turns: 227, Time: 00:01:12

Health: -19/65     AC: 36    Str: 32      XL:     9   Next: 34%
Magic:  7/7        EV: 11    Int:  8      God:    Trog [****..]
Gold:   0          SH:  0    Dex:  8 (9)  Spells: 8/8 levels left

rFire    . . .     SeeInvis .   k - +5 executioner's axe
rCold    . . .     Gourm    .   (shield currently unavailable)
rNeg     + . .     Faith    .   j - +15 Maxwell's patent armour {-Cast -Tele rElec MR+ rCorr}
rPois    ∞         Spirit   .   (no helmet)
rElec    +         Reflect  .   (no cloak)
rCorr    +         Harm     .   (no gloves)
MR       +++..     NoTele   +   (no boots) Stlth ..........NoCast +
                                (no amulet)
HPRegen  1.20/turn              D - +6 ring of strength
MPRegen  0.10/turn              E - +6 ring of strength

@: berserk cooldown, regenerating, slowed, very slow
A: [blurry vision 3], [deterioration 2], [low mp 2], negative energy resistance
1, electricity resistance, [weak 2], unbreathing, petrification resistance, rot
immunity, [subdued magic 2], AC +6
a: Berserk, Trog's Hand, Brothers in Arms, Renounce Religion


You were in the Dungeon.
You worshipped Trog.
Trog was greatly pleased with you.
You were not hungry.

You visited 1 branch

Inventory:

Hand Weapons
 a - a +5 battleaxe
 b - a +5 broad axe
 k - a +5 executioner's axe (weapon)
Armour
 j - the +15 Maxwell's patent armour (worn) {-Cast -Tele rElec MR+ rCorr}
   (You found it in the Dungeon)

   It insulates you from electricity.
   It affects your resistance to hostile enchantments.
   It prevents spellcasting.
   It prevents most forms of teleportation.
   It provides partial protection from all sources of acid and corrosion.
Jewellery
 q - an uncursed ring of resist corrosion
 D - a +6 ring of strength (left hand)
 E - a +6 ring of strength (right hand)
Wands
 w - a wand of disintegration (7)
 x - a wand of iceblast (7)
 y - a wand of acid (7)
Scrolls
 i - 4 scrolls of blinking
 l - 7 scrolls of fog
 m - a scroll of holy word
 n - 5 scrolls of identify
 o - 5 scrolls of remove curse
 p - 2 scrolls of fear
Potions
 d - 10 potions of curing
 e - 7 potions of heal wounds
 f - 6 potions of haste
 h - 3 potions of berserk rage
 r - 2 potions of invisibility
 s - 4 potions of resistance
 t - a potion of experience
 v - 5 potions of might
Comestibles
 c - 7 rations
 g - 2 chunks of flesh


   Skills:
 + Level 11.7 Fighting
 + Level 10.0 Axes
 + Level 11.5 Armour
 + Level 9.0 Dodging


You had 8 spell levels left.
You didn't know any spells.
Your spell library was empty.

Dungeon Overview and Level Annotations

Branches:
Dungeon (1/1)

Altars:
Ashenzari
Cheibriados
Dithmenos
Elyvilon
Fedhas
Gozag
Hepliaklqana
Kikubaaqudgha
Makhleb
Nemelex Xobeh
Okawaru
Qazlal
Ru
Sif Muna
Trog
Uskayaw
Vehumet
Wu Jian
Xom
Yredelemnul
Zin
The Shining One
Beogh
Jiyva
Lugonu

Annotations:
D 1 transporter


Innate Abilities, Weirdness & Mutations

You are resistant to torment.
Your stone body is resilient. (AC +6)
You are immune to poison.
You resist negative energy. (rN+)
You are resistant to electric shocks. (rElec)
You can survive without breathing.
You are immune to petrification.
You are immune to rotting.
[Scrolls take you much longer to read.]
[Your body often deteriorates upon taking damage.]
[Your magical capacity is very low. (-20% MP)]
[You are very weak. (Str -4)]
[Your spells are easier to cast, but less powerful.]


Message History

Zymoarph gestures.
The stone giant hits you but does no damage.
The hellion hits you but does no damage.
The hellion barely misses you. The stone giant hits you.
Zymoarph gestures at you. The poison arrow hits you. You partially resist.
The stone giant completely misses you.
You slash the stone giant!
The stone giant is lightly wounded.
You slash the Hell Sentinel! You miss Zymoarph.
Zymoarph hits you but does no damage.
The wretched star pulses with an eldritch light!
You feel less energetic. x2
Zymoarph hits you but does no damage. The stone giant hits you!
Your body deteriorates!
You feel clumsy.
The wretched star pulses with an eldritch light!
The Hell Sentinel gestures at you. The iron shot hits you!!!
Ouch! That really hurt!
You die...

▓▓▓▓▓▓▓▓▓▓▓▓▓▓▓▓▓▓
▓.8©8.▓.8©8.▓.8©8.
▓.||).▓.=.).▓.....
▓..:..▓.....▓.}.).
▓.....▓.....▓.....
▓2M4..▓..÷÷.▓.....
▓C1*..▓.....▓..©..
▓@&2..▓..©..▓▓▓▓▓▓
▓▓▓▓▓▓▓▓▓▓▓▓▓


You could see Zymoarph, a Hell Sentinel, a stone giant, a hell beast, a wretched
star, a guardian mummy, an ice devil and a hellion.

Vanquished Creatures
  An ogre mage (D)
  A glowing orange brain (D)
  An ironbrand convoker (D)
  A cyclops (D)
  A crimson imp (D)
  A quasit (D)
  An iron imp (D)
  An iguana (D)
  A river rat (D)
  A jackal (D)
10 creatures vanquished.

Vanquished Creatures (others)
  2 spatial maelstroms (D)
2 creatures vanquished.

Grand Total: 12 creatures vanquished

Notes
Turn   | Place    | Note
-------+----------+-------------------------------------------
     0 | D        | Found the +6 Majin-Bo {vamp, Archmagi MP+6 Int+6}
     0 | D        | Found the +7 great mace "Firestarter" {inner flame, rF++}
     0 | D        | Fang the Gargoyle Berserker began the quest for the Orb.
     0 | D        | Reached XP level 1. HP: 14/14 MP: 1/1
     1 | D        | Banished a spatial maelstrom
     3 | D        | Found a blossoming altar of Fedhas.
     5 | D        | Found a transporter.
     5 | D        | Found a viscous altar of Jiyva.
     5 | D        | Found an ancient bone altar of Kikubaaqudgha.
     5 | D        | Found a hazy altar of Hepliaklqana.
     5 | D        | Found a corrupted altar of Lugonu.
     5 | D        | Found an opulent altar of Gozag.
     5 | D        | Found a burning altar of Makhleb.
     9 | D        | Found a stormy altar of Qazlal.
     9 | D        | Found an iron altar of Okawaru.
     9 | D        | Found a sacrificial altar of Ru.
     9 | D        | Found a sparkling altar of Nemelex Xobeh.
     9 | D        | Found a deep blue altar of Sif Muna.
     9 | D        | Found a bloodstained altar of Trog.
    16 | D        | Found the +6 shillelagh "Devastator" {shatter}
    16 | D        | Found the +11 plutonium sword {*Contam Stlth-}
    16 | D        | Found the +8 lance "Wyrmbane" {slay drac, rPois rF+ rC+
                  | AC+3}
    16 | D        | Found the +9 sword of Zonguldrok {reap}
    16 | D        | Found the cursed +13 scythe of Curses {drain, *Curse}
    16 | D        | Found the +0 sword of Power
    16 | D        | Found the +7 mace of Variability {chain chaos}
    16 | D        | Found the +7 Singing Sword {slice, sonic wave}
    17 | D        | Found the +9 heavy crossbow "Sniper" {velocity, Acc+∞ SInv}
    17 | D        | Found the +10 dark maul {crush}
    17 | D        | Found the +15 Maxwell's patent armour {-Cast -Tele rElec
                  | MR+ rCorr}
    17 | D        | Found the +18 shield of the Gong {rElec rN+ MR+ EV-5}
    17 | D        | Found the cursed +14 obsidian axe {chop, +Fly SInv *Curse}
    23 | D        | Banished a spatial maelstrom
    81 | D        | Entered arena 2.
    81 | D        | Noticed an iron imp
    81 | D        | Noticed a quasit
    81 | D        | Found a transporter.
    85 | D        | Killed an iron imp
    85 | D        | Reached XP level 2. HP: 20/20 MP: 2/2
    85 | D        | Reached XP level 3. HP: 24/24 MP: 3/3
    88 | D        | Reached ** piety under Trog
    88 | D        | Reached skill level 5 in Fighting
    88 | D        | Reached XP level 4. HP: 31/31 MP: 4/4
   122 | D        | Entered arena 3.
   122 | D        | Found a transporter.
   127 | D        | Reached skill level 5 in Armour
   204 | D        | Entered arena 4.
   204 | D        | Noticed a glowing orange brain
   204 | D        | Noticed an ogre mage
   204 | D        | Noticed an ironbrand convoker
   204 | D        | Found a transporter.
   205 | D        | Identified the +3 hand axe of Disintegration {protect,
                  | *Slow Str+4 Dex+2}
   210 | D        | Killed a glowing orange brain
   210 | D        | Reached *** piety under Trog
   210 | D        | Reached XP level 5. HP: 41/41 MP: 5/5
   210 | D        | Reached XP level 6. HP: 46/46 MP: 6/6
   210 | D        | Reached XP level 7. HP: 51/51 MP: 7/7
   211 | D        | Noticed a wretched star
   211 | D        | Noticed Zymoarph the pandemonium lord
   211 | D        | Noticed a cyclops
   212 | D        | Noticed an ice devil
   212 | D        | Noticed a stone giant
   212 | D        | Noticed a guardian mummy
   213 | D        | Killed an ironbrand convoker
   213 | D        | Reached skill level 10 in Fighting
   213 | D        | Reached XP level 8. HP: 57/57 MP: 8/8
   216 | D        | Killed an ogre mage
   216 | D        | Reached **** piety under Trog
   216 | D        | Reached XP level 9. HP: 53/64 MP: 9/9
   216 | D        | Killed a cyclops
   216 | D        | Reached skill level 10 in Axes
   217 | D        | Noticed a hellion
   224 | D        | Noticed a Hell Sentinel
   226 | D        | Noticed a hell beast
   227 | D        | Killed from afar by a Hell Sentinel

Skill      XL: |  1  2  3  4  5  6  7  8  9 |
---------------+----------------------------+-----
Fighting       | 4 5 9 10 11 | 11.7
Axes           | 3 4 7 8 9 10 | 10.0
Armour         | 3 4 8 9 11 | 11.5
Dodging        | 2 3 6 7 8 9 |  9.0

Action                   |  1- 3 |  4- 6 |  7- 9 || total
-------------------------+-------+-------+-------++-------
Melee: Executioner's axe |     5 |    10 |     8 ||    23
Invok: Berserk           |     1 |     1 |       ||     2
       Trog's Hand       |       |       |     1 ||     1
  Use: Potion            |       |       |     3 ||     3
Armor: Plate armour      |    17 |    13 |    47 ||    77
Dodge: Dodged            |    12 |    11 |    19 ||    42
